[Event "XV South American-ch Open U20 2019"]
[Site "Asuncion"]
[Date "2019.05.14"]
[Round "5.2"]
[White "Zapata Charles, Santiago"]
[Black "Heinechen, Juan"]
[Result "1-0"]
[ECO "C54"]
[WhiteElo "2322"]
[BlackElo "2123"]
[Annotator "NA"]
[PlyCount "47"]
[EventDate "2019.05.11"]
[EventType "swiss"]
[EventCountry "PAR"]
[SourceTitle "playchess.com"]
[Source "ChessBase"]
[SourceQuality "1"]
[TimeControl "5400+30"]

1. e4 e5 2. Bc4 Nf6 3. d3 Bc5 4. Nf3 Nc6 5. O-O O-O 6. Nbd2 a6 7. Bb3 d6 8. c3 Ba7 9. h3 (9. Re1) 9... h6 10. Re1 Be6 11. Bc2 Ne7 12. Nf1 Ng6 13. d4 c6 14. Ng3 Qc7 15. Be3 Rfe8 16. Qc1 b5 17. Nf5 Bxf5 18. exf5 Nf8 19. Bxh6 gxh6 $2 (19... N8h7 $16) 20. Qxh6 N8h7 21. Ng5 exd4 $2 (21... d5 22. Nxh7 Nxh7) 22. Nxh7 $18 Nxh7 23. f6 Nxf6 24. Qg5+ 1-0

[Event "XV South American-ch Open U20 2019"]
[Site "Asuncion"]
[Date "2019.05.14"]
[Round "5.3"]
[White "Cantero, Rodolfo"]
[Black "Vazquez, Facundo"]
[Result "1-0"]
[ECO "A26"]
[WhiteElo "2059"]
[BlackElo "2086"]
[Annotator "NA RC"]
[PlyCount "87"]
[EventDate "2019.05.11"]
[EventType "swiss"]
[EventCountry "PAR"]
[SourceTitle "playchess.com"]
[Source "ChessBase"]
[SourceQuality "1"]
[TimeControl "5400+30"]

1. g3 Nf6 2. Bg2 g6 3. c4 Bg7 4. Nc3 O-O 5. d3 e5 6. e4 d6 7. Nge2 Nc6 8. O-O Nd7 9. f4 exf4 10. Bxf4 Nce5 11. b3 g5 (11... c5 $14) 12. Bc1 h6 13. d4 Ng6 14. Bb2 Re8 15. Qd2 c6 16. Rf2 Nf6 17. Raf1 Nh8 {Better is} 18. h3 $18 (18. Qd3) 18... Rb8 19. Qd3 $16 a6 20. a4 b5 21. axb5 axb5 22. cxb5 cxb5 23. b4 Bb7 24. d5 Nd7 25. Nd4 Bxd4 26. Qxd4 Ne5 27. Nd1 Bc8 28. Kh2 Rb7 29. Ne3 Nhg6 30. Nf5 Bxf5 31. exf5 Nf8 32. f6 Nc4 33. Bc1 Re5 34. Rf5 Ng6 35. Qg4 Qf8 36. h4 gxh4 37. gxh4 Kh8 38. h5 Rxf5 39. Qxf5 Nh4 40. Qg4 Nxg2 41. Qxg2 Ne5 42. Rg1 Rc7 43. Bxh6 Nf3+ 44. Kh1 1-0

[Event "XV South American-ch Open U20 2019"]
[Site "Asuncion"]
[Date "2019.05.14"]
[Round "5.9"]
[White "Mayeregger, Arnold"]
[Black "Ayala Ruiz, Miguel Angel"]
[Result "1-0"]
[ECO "D05"]
[WhiteElo "1913"]
[BlackElo "1444"]
[Annotator "NA"]
[PlyCount "57"]
[EventDate "2019.05.11"]
[EventType "swiss"]
[EventCountry "PAR"]
[SourceTitle "playchess.com"]
[Source "ChessBase"]
[SourceQuality "1"]
[TimeControl "5400+30"]

1. Nc3 Nc6 2. Nb1 Nb8 3. Nf3 Nf6 4. Ng1 Ng8 5. d4 Nf6 6. Nf3 e6 7. e3 c5 8. Bd3 d5 9. b3 Nc6 10. O-O cxd4 11. exd4 Be7 12. Bb2 Nb4 13. Be2 O-O 14. Nbd2 Bd7 15. a3 Nc6 16. Bd3 Bd6 17. Ne5 Qe7 18. f4 Kh8 19. Rf3 h6 20. Rh3 Kg8 21. g4 Ne4 22. Nxe4 dxe4 23. Bxe4 Bxe5 24. dxe5 g5 25. Rxh6 gxf4 26. Qf3 Qc5+ 27. Kg2 Nxe5 28. Qxf4 f5 29. Bxe5 1-0

[Event "XV South American-ch Open U20 2019"]
[Site "Asuncion"]
[Date "2019.05.14"]
[Round "5.10"]
[White "Allo Collante, Enrique"]
[Black "Araoz Andrade, Ivan Alexander"]
[Result "0-1"]
[ECO "A29"]
[WhiteElo "1595"]
[BlackElo "1843"]
[Annotator "NA RC"]
[PlyCount "97"]
[EventDate "2019.05.11"]
[EventType "swiss"]
[EventCountry "PAR"]
[SourceTitle "playchess.com"]
[Source "ChessBase"]
[SourceQuality "1"]
[TimeControl "5400+30"]

1. c4 e5 2. Nc3 Nf6 3. g3 Nc6 4. Bg2 g6 5. Nf3 Bg7 6. O-O O-O 7. Ne1 {A29: English Opening: Four Knights Variation with 4 g3} (7. d4 d6 8. dxe5 dxe5 9. Bg5 Be6 10. Qa4 Qb8 11. Bxf6 Bxf6 12. Nd2 Nd8 13. Nde4 Bg7 14. Nc5 c6 15. Rad1 Qc7 16. N3e4 Bc8 17. Rd2 Ne6 18. Nxe6 Bxe6 {½-½ (31) Romanov,E (2576)-Demchenko,A (2661) Fagernes 2019}) 7... d6 8. Nc2 Be6 9. Ne3 Rb8 $146 ({Predecessor:} 9... Qd7 10. Rb1 Bh3 11. d3 Nd4 12. Ned5 Bxg2 13. Kxg2 Nh5 14. b4 c6 {0-1 (31) Vasko,I (1906)-Sandor,J (2015) Hungary 2015}) 10. d3 Ne7 11. Ne4 c6 12. Ng5 Bc8 13. Nf3 Nh5 14. d4 e4 15. Nd2 d5 16. Nc2 Be6 17. f4 Qd7 18. e3 Nf6 19. b3 Rfe8 20. Bb2 h5 21. Rc1 Nf5 22. Qe1 Bf8 23. h3 Be7 24. Qf2 Kg7 (24... Nh6 $19 {has better winning chances.} 25. h4 Bg4) 25. Rfd1 $19 (25. Nxe4 $17 {might work better.} dxe4 {[#]} 26. d5 $1 cxd5 27. cxd5 Qxd5 28. g4) 25... Nh6 26. cxd5 cxd5 27. Qf1 h4 28. g4 Nhxg4 29. hxg4 Bxg4 30. Qf2 h3 31. Bf1 Bxd1 32. Ne1 Bg4 33. Nb1 Bf5 34. Nc3 a6 35. Be2 Rh8 36. Rc2 Rbc8 37. Bd1 Ng4 38. Bxg4 Bxg4 39. Kh2 b5 40. Qg3 Bh4 41. Qg1 Bxe1 42. Qxe1 b4 43. Rf2 bxc3 44. Bxc3 Bf3 45. Rf1 Qb5 46. Rf2 Qd3 47. Bb4 Rc2 48. Rd2 Rxd2+ 49. Bxd2 0-1

[Event "XV South American-ch Open U20 2019"]
[Site "Asuncion"]
[Date "2019.05.14"]
[Round "5.11"]
[White "Menacho Admen, Victor Gabriel"]
[Black "Orrego Palermo, Marcelo"]
[Result "0-1"]
[ECO "A00"]
[WhiteElo "1103"]
[BlackElo "1632"]
[Annotator "NA RC"]
[PlyCount "44"]
[EventDate "2019.05.11"]
[EventType "swiss"]
[EventCountry "PAR"]
[SourceTitle "playchess.com"]
[Source "ChessBase"]
[SourceQuality "1"]
[TimeControl "5400+30"]

1. e4 d5 2. Nc3 d4 3. Na4 e5 4. b3 Nf6 5. Nf3 Bd6 6. c3 dxc3 7. Nxc3 O-O 8. Bc4 a6 9. a4 Nbd7 10. a5 Bb4 11. Bb2 c6 12. Ba3 Bxa3 13. Rxa3 Nc5 14. Nxe5 Qd6 15. d4 Ncxe4 16. Nxe4 Qxa3 17. Nxf6+ gxf6 18. Nxf7 Qxa5+ 19. Ke2 Rxf7 20. Bxf7+ Kxf7 21. Ke3 Bd7 22. Qh5+ Qxh5 0-1

[Event "XV South American-ch Open U20 2019"]
[Site "Asuncion"]
[Date "2019.05.14"]
[Round "5.12"]
[White "Cosme Contreras, Trilce"]
[Black "Avalos Sanabria, Augusto Alfredo"]
[Result "1-0"]
[ECO "D12"]
[WhiteElo "2051"]
[BlackElo "1474"]
[Annotator "NA RC"]
[PlyCount "83"]
[EventDate "2019.05.11"]
[EventType "swiss"]
[EventCountry "PAR"]
[SourceTitle "playchess.com"]
[Source "ChessBase"]
[SourceQuality "1"]
[TimeControl "5400+30"]

1. d4 d5 2. c4 c6 3. Nf3 Nf6 4. Nc3 Bf5 5. e3 Nbd7 6. Be2 e6 7. O-O Bd6 8. h3 h6 9. a3 O-O 10. b4 Bc7 11. Bb2 a5 12. c5 Ne4 13. Nxe4 dxe4 14. Ne5 Nxe5 15. dxe5 Qg5 16. Kh1 Bg6 17. Bc4 Bxe5 18. Bxe5 Qxe5 19. Rb1 axb4 20. axb4 Rfd8 21. Qc2 Ra3 22. Rb3 Rxb3 23. Bxb3 Ra8 24. Rd1 Ra1 25. Rxa1 Qxa1+ 26. Kh2 Qe5+ 27. Kg1 f5 28. Qd2 Kh7 29. Qd6 Qa1+ 30. Kh2 Qa3 31. Qxe6 h5 32. Qg8+ Kh6 33. h4 Bh7 34. Qe6+ Bg6 35. Qg8 Qxb4 36. Qh8+ Bh7 37. Bg8 Kg6 38. Bxh7+ Kf6 39. Qf8+ Ke6 40. Qxf5+ Ke7 41. Qxe4+ Kf8 42. Bg6 1-0

[Event "XV South American-ch Open U20 2019"]
[Site "Asuncion"]
[Date "2019.05.14"]
[Round "6.7"]
[White "Vazquez, Facundo"]
[Black "Mayeregger, Arnold"]
[Result "1/2-1/2"]
[ECO "D74"]
[WhiteElo "2086"]
[BlackElo "1913"]
[Annotator "NA RC"]
[PlyCount "49"]
[EventDate "2019.05.11"]
[EventType "swiss"]
[EventCountry "PAR"]
[SourceTitle "playchess.com"]
[Source "ChessBase"]
[SourceQuality "1"]
[TimeControl "5400+30"]

1. d4 Nf6 2. c4 g6 3. Nc3 Bg7 4. g3 O-O 5. Nf3 d5 6. Bg2 dxc4 7. Ne5 c5 8. dxc5 {D74: Fianchetto Grünfeld: Main Line (5 Nf3 0-0 6 cxd5 Nxd5 7 0-0)} Qa5 (8... Qc7 9. Nxc4 Qxc5 10. Qb3 (10. Nd2 Rd8 11. Qa4 Bd7 12. Qc4 Qxc4 13. Nxc4 Bc6 14. e4 b6 15. O-O Na6 {½-½ (41) Zuluaga Mancilla,C (2386)-Pinero,C (2168) Barquisimeto 2013}) 10... Nc6 11. Be3 Nd4 12. Bxd4 Qxd4 13. Na5 Qe5 14. Qb4 Qh5 15. h4 Be6 {½-½ (31) Erdos,V (2613)-Nezad,H (2422) Caleta 2016}) 9. Be3 $146 ({Predecessor:} 9. Nxc4) 9... Qa6 10. Qa4 Qe6 11. Nxc4 Bd7 12. Qb3 Bc6 13. O-O Bxg2 14. Kxg2 Qc6+ 15. Kg1 Nbd7 16. Na5 Qc7 17. Qa3 ({But not} 17. Nxb7 Rfb8 $11) 17... b6 18. Nb3 bxc5 19. Nxc5 Nb6 20. N5a4 Nc8 ({Better is} 20... Qe5) 21. Rac1 Qd7 22. Rfd1 ({White should try} 22. Bc5 $16) 22... Qh3 $1 23. f3 Nd6 24. b3 Nf5 25. Bd2 $19 (25. Rd3 $11 {and White is okay.}) 1/2-1/2

[Event "XV South American-ch Open U20 2019"]
[Site "Asuncion"]
[Date "2019.05.14"]
[Round "6.8"]
[White "Araoz Andrade, Ivan Alexander"]
[Black "Suarez, Pedro"]
[Result "0-1"]
[ECO "C06"]
[WhiteElo "1843"]
[BlackElo "2077"]
[Annotator "NA RC"]
[PlyCount "54"]
[EventDate "2019.05.11"]
[EventType "swiss"]
[EventCountry "PAR"]
[SourceTitle "playchess.com"]
[Source "ChessBase"]
[SourceQuality "1"]
[TimeControl "5400+30"]

1. e4 e6 2. d4 d5 3. Nd2 Nf6 4. e5 Nfd7 5. Bd3 c5 6. c3 Nc6 7. Ne2 cxd4 8. cxd4 f6 9. exf6 Qxf6 10. Nf3 h6 11. O-O Bd6 $1 12. Bd2 {C06: French Tarrasch: 3...Nf6 4 e5 Nfd7 5 Bd3 main lines} (12. Ng3 O-O 13. Bc2 Rf7 14. Re1 Nf8 15. Nh5 Qd8 16. Ne5 Bxe5 17. dxe5 Qb6 18. Nf4 Bd7 19. Nd3 Rc8 20. Be3 Qd8 {½-½ (72) Svane,R (2570)-Sethuraman,S (2623) Moscow 2017}) 12... O-O 13. Bc3 Rf7 14. Ng3 Nf8 15. Rc1 $146 ({Predecessor:} 15. Qe2 Bd7 16. Rae1 Be8 17. Ne5 Rc7 18. Qg4 a6 19. f4 b5 20. Nxc6 Rxc6 {0-1 (57) Urhegyi,M (2249)-Stockova,Z (2293) Slovakia 2018}) 15... a6 16. a3 Bd7 17. Qe2 Be8 18. b4 Rc7 19. Ne5 Rac8 20. Bb2 {[#]} Nxd4 $1 21. Bxd4 Rxc1 22. Nc6 Rxf1+ $19 23. Nxf1 Qh4 24. g3 Qh5 25. g4 Qh3 26. Na5 Rc1 27. f3 Rxf1+ 0-1

[Event "XV South American-ch Open U20 2019"]
[Site "Asuncion"]
[Date "2019.05.14"]
[Round "6.9"]
[White "Melian, Juan Sebastian"]
[Black "Gomez Barrera, Gonzalo Andres"]
[Result "0-1"]
[ECO "D13"]
[WhiteElo "1786"]
[BlackElo "2058"]
[Annotator "NA RC"]
[PlyCount "74"]
[EventDate "2019.05.11"]
[EventType "swiss"]
[EventCountry "PAR"]
[SourceTitle "playchess.com"]
[Source "ChessBase"]
[SourceQuality "1"]
[TimeControl "5400+30"]

1. d4 Nf6 2. Nf3 d5 3. Bg5 c5 4. c3 cxd4 5. cxd4 Ne4 6. Bf4 {D13: Slav Defence: Exchange variation without ...Bf5} Nc6 7. Nbd2 $146 ({Predecessor:} 7. Nc3 e6 8. Rc1 Qa5 9. Bd2 Nxd2 10. Qxd2 Bd6 11. e3 Bd7 12. Bd3 O-O 13. O-O Rfc8 14. e4 dxe4 15. Bxe4 Qh5 {1-0 (35) Matuszewski,M (2485)-Vovk,Y (2600) Poland 2017}) 7... Bf5 8. e3 e6 9. Be2 g5 10. Nxe4 $1 gxf4 11. Nc3 fxe3 12. fxe3 Bh6 13. Qd2 Rg8 14. Rg1 Be4 15. Rc1 Bxf3 16. Bxf3 Qh4+ 17. g3 Qg5 18. Ke2 (18. Kf2 $15) 18... O-O-O 19. b4 Kb8 20. Na4 e5 21. dxe5 Nxe5 22. Qd4 Rge8 23. Rc3 Nxf3 24. Kxf3 Bg7 25. Qf4+ Qxf4+ 26. gxf4 Bxc3 27. Nxc3 d4 28. Ne2 Rxe3+ 29. Kf2 Ra3 30. Nc1 d3 31. Rd1 d2 32. Nb3 Rxa2 33. Ke2 Ra3 34. Nxd2 $19 Rad3 35. h4 a6 36. h5 Rh3 37. Rg1 Rh2+ 0-1

[Event "XV South American-ch Open U20 2019"]
[Site "Asuncion"]
[Date "2019.05.14"]
[Round "6.10"]
[White "Orrego Palermo, Marcelo"]
[Black "Cosme Contreras, Trilce"]
[Result "1/2-1/2"]
[ECO "A45"]
[WhiteElo "1632"]
[BlackElo "2051"]
[Annotator "NA RC"]
[PlyCount "110"]
[EventDate "2019.05.11"]
[EventType "swiss"]
[EventCountry "PAR"]
[SourceTitle "playchess.com"]
[Source "ChessBase"]
[SourceQuality "1"]
[TimeControl "5400+30"]

1. d4 Nf6 2. Bg5 g6 3. Bxf6 exf6 4. e3 Bg7 5. g3 O-O 6. Bg2 f5 {A45: Trompowsky Attack} 7. Ne2 c5 (7... d6 8. c4 c6 9. Nbc3 Nd7 10. O-O Nf6 11. b4 Re8 12. Qd3 Qe7 13. b5 Ne4 14. a4 a6 15. bxc6 bxc6 16. Rab1 a5 17. Rb6 Ra6 18. Rb8 Qc7 19. Rfb1 Nf6 {1-0 (83) Kryakvin,D (2567)-Ponkratov,P (2605) Serpukhov 2018}) 8. O-O cxd4 $146 ({Predecessor:} 8... d6 9. Nbc3 Nc6 10. Nd5 cxd4 11. exd4 Be6 12. Re1 Bxd5 13. Bxd5 {0-1 (48) Morant Amezaga,C-Frances Saez,J (2081) Alzira 2003}) 9. Nxd4 Nc6 10. c3 d5 11. Ne2 Be6 12. Nd2 Qc7 13. Nb3 Rfd8 14. Qc2 Rac8 15. Rfd1 b5 16. Nf4 Ne7 17. Nd4 Qb6 18. Qb3 a6 19. Nc2 Qc5 20. a4 g5 21. Nxe6 fxe6 22. axb5 axb5 23. Ra5 Rb8 24. Na3 Nc6 25. Rxb5 Rxb5 26. Qxb5 Qxb5 27. Nxb5 Rb8 28. Nc7 Nd8 29. Rb1 Bxc3 30. b3 Kf7 31. Bf1 Ke7 $11 32. Na6 Rb6 33. b4 Nb7 34. Rc1 Bxb4 35. Nxb4 Rxb4 36. Rc7+ Kd6 37. Rxh7 Nc5 38. h4 gxh4 39. gxh4 Rb7 40. Rxb7 Nxb7 41. h5 Ke5 42. f4+ Kf6 43. Bb5 Nd6 44. Bd7 Ke7 45. Ba4 Ne4 46. Kg2 Nf6 47. Bd1 Kf7 48. Kg3 Ne4+ 49. Kg2 Kg7 50. Be2 Kh6 51. Kh3 Nd6 52. Kg3 Nc4 53. Kf2 Nd2 54. Kg3 Nc4 55. Kf2 Nd2 1/2-1/2

[Event "XV South American-ch Open U20 2019"]
[Site "Asuncion"]
[Date "2019.05.14"]
[Round "6.10"]
[White "Orrego Palermo, Marcelo"]
[Black "Cosme Contreras, Trilce"]
[Result "*"]
[ECO "A45"]
[WhiteElo "1632"]
[BlackElo "2051"]
[Annotator "NA RC"]
[PlyCount "31"]
[EventDate "2019.05.11"]
[EventType "swiss"]
[EventCountry "PAR"]
[SourceTitle "playchess.com"]
[Source "ChessBase"]
[SourceQuality "1"]
[TimeControl "5400+30"]

1. d4 Nf6 2. Bg5 g6 3. Bxf6 exf6 4. e3 Bg7 5. g3 O-O 6. Bg2 f5 7. Ne2 c5 8. O-O cxd4 9. Nxd4 Nc6 10. c3 d5 11. Ne2 Be6 12. Nd2 Qe7 13. Nb3 Rfe8 14. Qc2 Rac8 15. Rfd1 b5 16. Nf4 ({Don't blunder} 16. Bxd5 $2 {[#]} Nb4 $1 $19 {[%mdl 576] Double Attack, Pin}) *

[Event "XV South American-ch Open U20 2019"]
[Site "Asuncion"]
[Date "2019.05.14"]
[Round "6.11"]
[White "Ayala Ruiz, Miguel Angel"]
[Black "Menacho Admen, Victor Gabriel"]
[Result "1-0"]
[ECO "C42"]
[WhiteElo "1444"]
[BlackElo "1103"]
[Annotator "NA RC"]
[PlyCount "47"]
[EventDate "2019.05.11"]
[EventType "swiss"]
[EventCountry "PAR"]
[SourceTitle "playchess.com"]
[Source "ChessBase"]
[SourceQuality "1"]
[TimeControl "5400+30"]

1. e4 e5 2. Nf3 Nf6 3. Nxe5 d6 4. Nf3 Nxe4 5. Nc3 Nf6 6. d4 d5 7. Bd3 Nc6 8. Be3 g6 9. Qd2 Bg4 10. Be2 Ne4 11. Nxe4 dxe4 12. Ng5 Bxe2 13. Qxe2 f5 14. Qc4 Qd7 15. O-O-O O-O-O 16. d5 Ne7 17. Nf7 Bg7 18. d6 Rhf8 19. dxe7 Qxe7 20. Rxd8+ Rxd8 21. Nxd8 Qxd8 22. Rd1 Qh4 23. Qg8+ Qd8 24. Qxd8# 1-0

[Event "XV South American-ch Open U20 2019"]
[Site "Asuncion"]
[Date "2019.05.14"]
[Round "6.12"]
[White "Avalos Sanabria, Augusto Alfredo"]
[Black "Allo Collante, Enrique"]
[Result "0-1"]
[ECO "B12"]
[WhiteElo "1474"]
[BlackElo "1595"]
[Annotator "NA RC"]
[PlyCount "86"]
[EventDate "2019.05.11"]
[EventType "swiss"]
[EventCountry "PAR"]
[SourceTitle "playchess.com"]
[Source "ChessBase"]
[SourceQuality "1"]
[TimeControl "5400+30"]

1. e4 c6 2. d4 d5 3. e5 Bf5 4. Nf3 e6 5. Bd3 Bxd3 6. Qxd3 c5 7. c3 Nc6 8. O-O Nge7 9. Be3 Ng6 10. Nbd2 Be7 11. b3 O-O 12. h3 Rc8 13. Rfe1 Qd7 14. Nf1 cxd4 15. cxd4 Nb4 16. Qd2 Nc2 17. Ng3 Bb4 18. Qe2 Bxe1 19. Rxe1 Nxe1 20. Nxe1 Qc6 21. Bd2 Qb6 22. Qe3 f5 23. exf6 Rxf6 24. Nf3 Nf4 25. Ne5 Qd6 26. Ng4 Rff8 27. Qe1 Qb6 28. Bc3 Qa6 29. a4 h5 30. Ne5 h4 31. Nf1 Ne2+ 32. Kh2 Rxc3 33. b4 Rc2 34. Ne3 Ra2 35. Nd7 Qd6+ 36. Ne5 Nxd4 37. N3g4 Re2 38. Qd1 Rxe5 39. Nxe5 Qxe5+ 40. Kh1 Rxf2 41. Kg1 Qg3 42. Qg4 Ne2+ 43. Qxe2 Qxg2# 0-1

[Event "XV South American-ch Open U20 2019"]
[Site "Asuncion"]
[Date "2019.05.15"]
[Round "7.2"]
[White "Cantero, Rodolfo"]
[Black "Benitez Galeano, Alejandro"]
[Result "1-0"]
[ECO "A04"]
[WhiteElo "2059"]
[BlackElo "2052"]
[Annotator "NA RC"]
[PlyCount "99"]
[EventDate "2019.05.11"]
[EventType "swiss"]
[EventCountry "PAR"]
[SourceTitle "playchess.com"]
[Source "ChessBase"]
[SourceQuality "1"]
[TimeControl "5400+30"]

1. e4 c5 2. Nf3 e6 3. d3 Nc6 4. g3 Nge7 5. Bg2 g6 6. O-O Bg7 7. Re1 d6 8. c3 O-O 9. Be3 Rb8 10. d4 {[%emt 0:02:30] A04: Unusual lines after 1 Nf3 and King's Indian Attack} (10. a4 b6 11. Nbd2 d5 12. Bg5 f6 13. exd5 Nxd5 14. Be3 Nxe3 15. Rxe3 Ne7 16. Qc2 Nf5 17. Re2 e5 {½-½ (44) Sundell,B (2171)-Andersson,S (1956) Ostersund 2018}) 10... cxd4 11. Nxd4 a6 12. f4 Qc7 $146 ({Predecessor:} 12... Nxd4 13. Bxd4 Bxd4+ 14. Qxd4 Nc6 15. Qe3 b5 16. Rd1 Qc7 17. Kh1 Bb7 18. Nd2 Rfd8 19. Nf3 Na5 20. f5 Nc4 21. Qh6 Bxe4 22. f6 {1-0 (22) Cherry,A (1949)-San Diego,M Manila 2011}) 13. Re2 (13. Nd2 $11) 13... b5 14. Nxc6 Nxc6 15. Rd2 Rd8 16. Na3 e5 17. Qc2 Ne7 18. Rad1 Be6 19. Qb1 Rbc8 20. Nc2 a5 21. Ne1 b4 22. cxb4 axb4 23. b3 (23. fxe5 $11 {remains equal.} Bxe5 24. Nf3) 23... Bg4 24. Nf3 Nc6 25. h3 exf4 26. gxf4 Bh5 27. Rf1 Qa5 28. Nh2 Na7 29. f5 Be5 30. f6 Rc3 31. Qe1 Nc6 32. Ng4 Bxg4 $1 33. hxg4 Rxe3 $2 (33... Qc7 $17) 34. Qxe3 Qc5 35. Qxc5 dxc5 36. Rd5 Bd4+ 37. Kh2 h6 38. g5 hxg5 39. Rxg5 Be5+ 40. Kh3 Rd3+ 41. Rf3 Rd2 42. Rff5 Rd3+ $1 43. Kh4 Bc3 44. Rf1 Ne5 45. Rg3 $1 Rd2 46. Bf3 (46. a4 $11) 46... Rxa2 47. Rh3 {[%emt 0:00:30] [#]} (47. Kh3 $15) 47... Nd7 $1 48. e5 Bxe5 49. Bd5 $19 Rg2 50. Bxg2 1-0

[Event "XV South American-ch Open U20 2019"]
[Site "Asuncion"]
[Date "2019.05.15"]
[Round "7.7"]
[White "Gomez Barrera, Gonzalo Andres"]
[Black "Vazquez, Facundo"]
[Result "0-1"]
[ECO "C16"]
[WhiteElo "2058"]
[BlackElo "2086"]
[Annotator "NA RC"]
[PlyCount "60"]
[EventDate "2019.05.11"]
[EventType "swiss"]
[EventCountry "PAR"]
[SourceTitle "playchess.com"]
[Source "ChessBase"]
[SourceQuality "1"]
[TimeControl "5400+30"]

1. e4 e6 2. d4 d5 3. Nc3 Bb4 4. e5 b6 5. Qg4 Bf8 6. Bg5 Qd7 7. O-O-O Nc6 8. Kb1 Bb7 9. Nge2 h6 10. Be3 O-O-O 11. Ng3 g6 12. h4 h5 13. Qf3 Na5 14. Bg5 Re8 $14 15. Bb5 c6 16. Bd3 Kb8 17. a3 Ba8 18. b4 Nb7 19. Na2 Rc8 20. c3 Nd8 21. Bxg6 Bxb4 22. axb4 fxg6 23. Ne2 Nf7 24. Bf6 Nxf6 25. Qxf6 Rhg8 26. Nf4 Nd8 27. Rd3 c5 28. Nxg6 Rc7 29. Nf4 Qh7 30. Kb2 Rf7 0-1

[Event "XV South American-ch Open U20 2019"]
[Site "Asuncion"]
[Date "2019.05.15"]
[Round "7.8"]
[White "Mayeregger, Arnold"]
[Black "Orrego Palermo, Marcelo"]
[Result "1-0"]
[ECO "A30"]
[WhiteElo "1913"]
[BlackElo "1632"]
[Annotator "NA RC"]
[PlyCount "53"]
[EventDate "2019.05.11"]
[EventType "swiss"]
[EventCountry "PAR"]
[SourceTitle "playchess.com"]
[Source "ChessBase"]
[SourceQuality "1"]
[TimeControl "5400+30"]

1. c4 Nf6 2. g3 e6 3. Bg2 c5 4. Nf3 Be7 5. O-O O-O 6. Nc3 d6 {A30: Symmetrical English: Double Fianchetto and Hedgehog} (6... a6 7. b3 d6 8. Bb2 b6 9. d4 cxd4 10. Nxd4 Ra7 11. e3 Bb7 12. Bxb7 Rxb7 13. f4 Qd7 14. g4 Nc6 15. g5 Ne8 16. Nxc6 Qxc6 {1-0 (54) Nisipeanu,L (2678)-Enders,P (2460) Germany 2016}) 7. b3 Nbd7 8. Bb2 a6 9. e3 Rb8 10. a4 b6 11. d3 $146 ({Predecessor:} 11. d4 Re8 12. Qc2 Qc7 {1-0 (54) Janko,M (2271)-Bezuch,M (2198) Slovakia 2010}) 11... Bb7 12. e4 Qc7 13. Ne1 d5 14. cxd5 exd5 15. f4 dxe4 16. dxe4 Rfd8 17. Qe2 Nf8 18. e5 Bxg2 19. Nxg2 Ne8 20. f5 c4 21. bxc4 Rbc8 22. Nd5 Bc5+ 23. Kh1 Qc6 24. Ngf4 $18 Nc7 25. Qf3 Qe8 26. Qg4 b5 27. Nf6+ 1-0

[Event "XV South American-ch Open U20 2019"]
[Site "Asuncion"]
[Date "2019.05.15"]
[Round "7.10"]
[White "Cosme Contreras, Trilce"]
[Black "Araoz Andrade, Ivan Alexander"]
[Result "1-0"]
[ECO "D85"]
[WhiteElo "2051"]
[BlackElo "1843"]
[Annotator "NA RC"]
[PlyCount "63"]
[EventDate "2019.05.11"]
[EventType "swiss"]
[EventCountry "PAR"]
[SourceTitle "playchess.com"]
[Source "ChessBase"]
[SourceQuality "1"]
[TimeControl "5400+30"]

1. d4 Nf6 2. c4 g6 3. Nc3 d5 4. cxd5 Nxd5 5. e4 Nxc3 6. bxc3 Bg7 7. Nf3 c5 8. Rb1 O-O 9. Be2 cxd4 10. cxd4 Qa5+ 11. Bd2 Qxa2 12. O-O Nc6 13. d5 Ne5 14. Nxe5 Bxe5 15. Bb4 Bf6 16. f4 Rd8 17. Bf3 a5 18. Bc5 e5 19. Qc1 $11 (19. Bb6 $14 Re8 20. f5) 19... Qa4 20. Qa3 Qe8 21. Bb6 Rd6 22. Qc5 Qe7 23. Bc7 Rd7 24. d6 Qe6 25. f5 Qa2 26. Rbe1 g5 27. Be2 a4 28. Bc4 Qd2 29. Rd1 Rxc7 30. Qxc7 Qe3+ 31. Kh1 b5 32. Qxf7+ 1-0

[Event "XV South American-ch Open U20 2019"]
[Site "Asuncion"]
[Date "2019.05.15"]
[Round "7.11"]
[White "Allo Collante, Enrique"]
[Black "Melian, Juan Sebastian"]
[Result "0-1"]
[ECO "B14"]
[WhiteElo "1595"]
[BlackElo "1786"]
[Annotator "NA RC"]
[PlyCount "54"]
[EventDate "2019.05.11"]
[EventType "swiss"]
[EventCountry "PAR"]
[SourceTitle "playchess.com"]
[Source "ChessBase"]
[SourceQuality "1"]
[TimeControl "5400+30"]

1. c4 e6 2. Nc3 Nf6 3. Nf3 c5 4. e3 Nc6 5. d4 cxd4 6. exd4 d5 7. Bf4 Bd6 8. Bxd6 Qxd6 9. c5 Qe7 10. Bb5 O-O 11. O-O Bd7 12. Re1 b6 13. Bxc6 Bxc6 14. Ne5 Qb7 15. Nxc6 Qxc6 16. b4 bxc5 17. bxc5 Rab8 18. Qd3 Nd7 19. f4 Rfc8 20. Rac1 Rb4 21. Kh1 g6 22. Red1 Rc4 23. Rb1 Rb8 24. Rxb8+ Nxb8 25. Rb1 Na6 26. a3 Kg7 27. Nb5 Qxb5 0-1

[Event "XV South American-ch Open U20 2019"]
[Site "Asuncion"]
[Date "2019.05.15"]
[Round "7.12"]
[White "Menacho Admen, Victor Gabriel"]
[Black "Avalos Sanabria, Augusto Alfredo"]
[Result "0-1"]
[ECO "B70"]
[WhiteElo "1103"]
[BlackElo "1474"]
[Annotator "NA RC"]
[PlyCount "168"]
[EventDate "2019.05.11"]
[EventType "swiss"]
[EventCountry "PAR"]
[SourceTitle "playchess.com"]
[Source "ChessBase"]
[SourceQuality "1"]
[TimeControl "5400+30"]

1. e4 c5 2. Nf3 d6 3. d4 cxd4 4. Nxd4 Nf6 5. Nc3 g6 6. Bc4 Bg7 7. Nf3 Nc6 8. O-O h6 9. Re1 O-O 10. h3 a6 11. b3 b5 12. Bd3 Bb7 13. Bb2 Rc8 14. Qd2 Qd7 15. Nd5 Nxd5 16. Bxg7 Kxg7 17. exd5 Nd8 18. c4 e6 19. Be2 f5 20. a4 bxc4 21. bxc4 Nf7 22. Bf1 e5 23. Qd3 Kh7 24. Nh4 e4 25. Qg3 g5 26. Nxf5 Qxf5 27. Rad1 Rce8 28. f3 Qf4 29. Qxf4 gxf4 30. Rxe4 Rxe4 31. Bd3 Ne5 32. fxe4 Nxd3 33. Rxd3 Re8 34. Rb3 Re7 35. Kf2 Kg6 36. g3 Rf7 37. Kg2 fxg3 38. Rb6 Kg5 39. Kxg3 Rd7 40. h4+ Kf6 41. c5 Rg7+ 42. Kf3 Ke5 43. Rxd6 Kd4 44. c6 Bc8 45. Rxh6 Rf7+ 46. Kg3 Kxe4 47. Rh8 Rc7 48. Rh5 Bf5 49. Rg5 a5 50. h5 Rc8 51. h6 Rh8 52. c7 Bc8 53. h7 Rxh7 54. Rg8 Rxc7 55. d6 Rc6 56. Rd8 Rc4 57. d7 Bxd7 58. Rxd7 Rxa4 59. Re7+ Kd3 60. Kf3 Kc2 61. Re2+ Kd1 62. Kf2 Ra3 63. Re1+ Kc2 64. Re2+ Kb3 65. Ke1 Ra1+ 66. Kf2 Ra2 67. Rxa2 Kxa2 68. Kf1 Kb2 69. Ke1 a4 70. Kd2 a3 71. Kd3 a2 72. Kd4 a1=Q 73. Kd5 Qa4 74. Kc5 Qe4 75. Kd6 Kc3 76. Kc7 Kc4 77. Kd6 Qf5 78. Kc6 Qd5+ 79. Kc7 Qe6 80. Kb7 Qd6 81. Ka7 Kb5 82. Ka8 Qd7 83. Kb8 Kc6 84. Ka8 Qb7# 0-1